 Dungeon Crawl Stone Soup version 0.30.1-11-g7821555f0a (webtiles) character file.

Game seed: 10036729318553308033

1420 Aviaq the Sneak (level 8, 0/62 HPs)
             Began as a Pale Draconian Enchanter on Jan 10, 2024.
             Was a Priest of Wu Jian.
             Slain by a vampire (6 damage)
             ... on level 6 of the Dungeon.
             The game lasted 00:26:12 (5946 turns).

Aviaq the Sneak (Pale Draconian Enchanter)          Turns: 5946, Time: 00:26:12

Health: 0/62       AC:  6    Str: 17    XL:     8   Next: 43%
Magic:  13/13      EV: 18    Int: 18    God:    Wu Jian [***...]
Gold:   84         SH:  0    Dex: 11    Spells: 3/13 levels left

rFire   . . .        o - +0 rapier (drain)
rCold   . . .        (no shield)
rNeg    . . .        (body armour unavailable)
rPois   .            (helmet restricted)
rElec   .            (no cloak)
rCorr   .            (no gloves)
SInv    .            (no boots)
Will    .....        (no amulet)
Stlth   +++          k - +5 ring of evasion
HPRegen 0.30/turn    d - +6 ring of strength
MPRegen 0.13/turn

%: no passive effects
@: serpent's lash
A: breathe steam, AC +6, unfitting armour, cold-blooded, steam resistance
a: Breathe Steam, Renounce Religion, Wall Jump, Serpent's Lash


You were on level 6 of the Dungeon.
You worshipped Wu Jian.
Wu Jian was most pleased with you.
You visited 1 branch of the dungeon, and saw 6 of its levels.
You also visited: Sewer.

You collected 278 gold pieces.
You spent 194 gold pieces at shops.

Inventory:

Hand Weapons
 a - a +1 dagger
 o - a +0 rapier of draining (weapon)
Missiles
 r - 3 boomerangs of dispersal
Jewellery
 d - a +6 ring of strength (right hand)
 h - a ring of resist corrosion
 k - a +5 ring of evasion (left hand)
 l - a +5 ring of evasion
Wands
 m - a wand of polymorph (2)
Scrolls
 e - a scroll of amnesia
 f - 3 scrolls of teleportation
 g - 3 scrolls of magic mapping
 j - a scroll of noise
 n - a scroll of immolation
 s - a scroll of enchant armour
 t - a scroll of vulnerability
Potions
 b - 5 potions of curing
 c - a potion of invisibility
 i - 2 potions of degeneration {unknown}
 p - a potion of magic
 q - a potion of ambrosia
 u - a potion of attraction {unknown}


   Skills:
 * Level 2.9 Fighting
 * Level 4.5 Short Blades
 * Level 3.8 Dodging
 * Level 4.8 Stealth
 * Level 3.3 Spellcasting
 * Level 1.7 Conjurations
 * Level 4.1 Hexes
 * Level 1.7 Translocations
 * Level 2.9 Ice Magic
 * Level 2.6 Evocations


You had 3 spell levels left.
You knew the following spells:

 Your Spells              Type           Power      Damage    Failure   Level
a - Ensorcelled Hibernat  Hex/Ice        30%        N/A       5%          2
b - Tukima's Dance        Hex            17%        N/A       9%          3
c - Confusing Touch       Hex            17%        N/A       9%          3
d - Momentum Strike       Conj/Tloc      18%        3d8       12%         2

Your spell library contained the following spells:

 Spells                   Type           Power      Damage    Failure   Level
 Lesser Beckoning         Tloc           18%        N/A       12%         2
 Dazzling Flash           Conj/Hex       26%        N/A       14%         3
 Poisonous Vapours        Pois/Air       6%         N/A       24%         2
 Gell's Gravitas          Tloc           9%         N/A       24%         3
 Teleport Other           Tloc           9%         N/A       24%         3
 Passage of Golubria      Tloc           9%         N/A       61%         4
 Yara's Violent Unravell  Hex/Tmut       5%         3d4       88%         5
 Dispersal                Tloc           4%         N/A       100%        6
 Orb of Destruction       Conj           4%         9d5       100%        7


Dungeon Overview and Level Annotations

Branches:
Dungeon (6/15)             Temple (0/1) D:4           Sewer (visited)

Altars:
Fedhas
Nemelex Xobeh
Qazlal
Wu Jian
Xom

Shops:
D:3 (   D:5 (   D:6 (*(*


Innate Abilities, Weirdness & Mutations

You can breathe blasts of scalding, opaque steam.
Your pale cyan-grey scales are hard. (AC +6)
You cannot fit into any form of body armour.
You are cold-blooded and may be slowed by cold attacks.
You are immune to the effects of steam.


Message History

You closely miss the vampire.
The vampire is lightly damaged.
The vampire misses you. The vampire bites you.
The vampire draws strength from your injuries!
You're too confused to move!
The vampire closely misses you. The vampire barely misses you.
You hit the vampire but do no damage.
The vampire is lightly damaged.
The vampire completely misses you. The vampire barely misses you.
You feel less confused. The vampire hits you! The vampire bites you!
* * * LOW HITPOINT WARNING * * *
The vampire draws strength from your injuries!
Unknown command.
You feel better. The vampire barely misses you. The vampire bites you.
* * * LOW HITPOINT WARNING * * *
The vampire draws strength from your injuries!
You feel better. The vampire misses you. The vampire closely misses you.
Unknown command.
Your muscles tense, ready for explosive movement...
You hit the vampire but do no damage.
Your tail-slap misses the vampire.
You have got your breath back.
The vampire barely misses you. The vampire bites you!
* * * LOW HITPOINT WARNING * * *
The vampire draws strength from your injuries!
You hit the vampire.
Your tail-slap misses the vampire.
The vampire is lightly damaged.
The vampire misses you. The vampire bites you.
* * * LOW HITPOINT WARNING * * *
The vampire draws strength from your injuries!
You barely miss the vampire.
The vampire hits you but does no damage.
The vampire barely misses you.
You hit the vampire but do no damage. The vampire hits you.
* * * LOW HITPOINT WARNING * * *
The vampire barely misses you.
You closely miss the vampire. The vampire hits you.
* * * LOW HITPOINT WARNING * * *
The vampire bites you.
You die...

##................#
#.....# ##
###..............# #....##
##..............# #....#
##...............## #....#
##..##.............#
##....##
...###.............#
#......## # ..##
#.............# #.......##
# ..## #............#
#........### ...#
#.........@..#
#.......###. ....#
##........V..#
#......###.. ....##
#...........###....####..#
.....#
##..........##...<.# ##..#
.....##
#.........###.....###..##
......#
##........###.....##..##
......##
##........##.....##.##
.......#
########>.#.....#..#
.......# ##..........###


You could see a vampire.

Vanquished Creatures
  2 ice beasts
  Pargi (Sewer)
  An ogre (D:5)
  2 phantoms
  2 scorpions
  2 howler monkeys (D:6)
  3 hounds (D:6)
  An orc priest (D:5)
  A jelly (D:6)
  3 sleepcaps
  Jessica (D:3)
  An iguana (D:6)
  8 orc wizards
  2 gnolls (D:5)
  5 adders
  2 ufetubi
  3 worms
  5 dart slugs
  20 orcs
  7 endoplasms
  5 giant cockroaches
  7 goblins
  10 hobgoblins
  8 jackals
  5 quokkas
  9 ball pythons
  5 bats
  3 frilled lizards
  6 kobolds
  5 rats
135 creatures vanquished.

Vanquished Creatures (collateral kills)
  A gnoll (D:5)
  A kobold (D:3)
2 creatures vanquished.

Grand Total: 137 creatures vanquished

Notes
Turn   | Place    | Note
-------+----------+-------------------------------------------
     0 | D:1      | Aviaq the Draconian Enchanter began the quest for the Orb.
     0 | D:1      | Reached XP level 1. HP: 14/14 MP: 3/3
   124 | D:1      | Reached XP level 2. HP: 17/20 MP: 5/5
   138 | D:1      | Learned a level 2 spell: Ensorcelled Hibernation
   359 | D:2      | Got the Almanac of the Cloudy Shot
   390 | D:2      | Reached XP level 3. HP: 26/26 MP: 1/6
   412 | D:2      | Learned a level 3 spell: Tukima's Dance
   493 | D:3      | Found a glowing drain.
   540 | Sewer    | Entered a sewer
   671 | Sewer    | Noticed Pargi
   698 | Sewer    | Killed Pargi
   699 | Sewer    | Reached skill level 1 in Fighting
   699 | Sewer    | Reached skill level 1 in Ice Magic
   699 | Sewer    | Reached XP level 4. HP: 28/35 MP: 4/7
   699 | Sewer    | Reached XP level 5. HP: 32/40 MP: 4/8
   819 | D:3      | Found a faded altar of an unknown god.
   838 | D:3      | Prayed at the altar of an unknown god.
   838 | D:3      | Became a worshipper of the Wu Jian Council
   838 | D:3      | Reached * piety under Wu Jian
   884 | D:3      | Learned a level 3 spell: Confusing Touch
   935 | D:3      | Noticed Jessica
   945 | D:3      | Killed Jessica
   981 | D:3      | Found a stormy altar of Qazlal.
  1200 | D:3      | Found Udwoplef's Weapon Shop.
  1378 | D:3      | Found a shimmering altar of Xom.
  1636 | D:3      | Reached ** piety under Wu Jian
  2157 | D:2      | Reached XP level 6. HP: 45/47 MP: 9/9
  3027 | D:4      | Found a staircase to the Ecumenical Temple.
  3226 | D:4      | Reached skill level 1 in Evocations
  3760 | D:4      | Found a blossoming altar of Fedhas.
  3846 | D:5      | Entered Level 5 of the Dungeon
  3906 | D:5      | Your scales start taking on a pale cyan-grey colour.
  3906 | D:5      | Reached XP level 7. HP: 53/53 MP: 11/11
  3906 | D:5      | Gained mutation: You are immune to the effects of steam.
                  | [Pale Draconian growth]
  3919 | D:5      | Learned a level 2 spell: Momentum Strike
  4011 | D:5      | Reached *** piety under Wu Jian
  4297 | D:5      | Found a sparkling altar of Nemelex Xobeh.
  4748 | D:5      | Found Vuechaum's Weapon Emporium.
  4754 | D:5      | Bought a +0 rapier of draining for 119 gold pieces
  4864 | D:5      | Reached skill level 1 in Conjurations
  4864 | D:5      | Reached skill level 1 in Translocations
  5035 | D:6      | Found Kywofi's Assorted Antiques.
  5035 | D:6      | Found Jysk's Weapon Boutique.
  5035 | D:6      | Found Gukhlirch's General Store.
  5038 | D:6      | Bought a potion of curing for 75 gold pieces
  5241 | D:6      | Reached XP level 8. HP: 62/62 MP: 12/12
  5410 | D:6      | Found Jialaamu's Weapon Emporium.
  5946 | D:6      | Slain by a vampire

Illustrated notes

Levels and vault maps discovered:
D:1:      saegor_arrival_simple_e, layout_rooms
D:2:      layout_rooms, grunt_decor_cap, hex_tiny
D:3:      layout_loops_ring, xom_confusion_cloud,
          nicolae_qazlal_scattered_showers, ebering_ecumenical_altar_rust,
          serial_shops, nicolae_shop_tiny_waterfront, portal_sewer_entry_f,
          uniq_jessica
D:4:      layout_rooms, fedhas_altar_decomposition, minmay_temple_entry_hall
D:5:      layout_loops_corners, mainiacjoe_overflow_brackets, serial_shops,
          nicolae_shop_tiny_statue_garden, minmay_curled_crystal,
          chequers_arboretum
D:6:      layout_cave_pods, serial_shops, shop_fountains,
          nicolae_shop_distant_corner_stores

Skill      XL: |  1  2  3  4  5  6  7  8 |
---------------+-------------------------+-----
Hexes          | 3 4 |  4.1
Dodging        | 2 3 |  3.8
Stealth        | 3 4 |  4.8
Fighting       | 1 2 |  2.9
Short Blades   | 2 3 4 |  4.5
Ice Magic      | 1 2 |  2.9
Evocations     | 1 2 |  2.6
Spellcasting   | 3 |  3.3
Conjurations   | 1 |  1.7
Translocations | 1 |  1.7

Action                     |  1- 3 |  4- 6 |  7- 9 || total
---------------------------+-------+-------+-------++-------
  Melee: Dagger            |   121 |   351 |    32 ||   504
         Tailslap          |    10 |    38 |    12 ||    60
         Punch             |       |     3 |       ||     3
         Rapier            |       |       |   105 ||   105
   Cast: Ensorcelled Hiber |    11 |    20 |     1 ||    32
         Tukima's Dance    |       |     5 |     2 ||     7
         Confusing Touch   |       |       |     1 ||     1
 Invoke: Serpent's Lash    |       |       |     1 ||     1
Ability: Lunge             |       |    14 |     4 ||    18
         Whirlwind         |       |    39 |    10 ||    49
         Wall Jump         |       |     5 |     7 ||    12
         Breathe Steam     |       |       |    14 ||    14
  Evoke: Wand              |       |     1 |     1 ||     2
    Use: Scroll            |     4 |    13 |     1 ||    18
         Potion            |     4 |    14 |     2 ||    20
   Stab: Sleeping          |    10 |    16 |     3 ||    29
         Invisible         |     2 |     4 |       ||     6
         Distracted        |       |     1 |       ||     1
 Armour: Skin              |    45 |    80 |    38 ||   163
  Dodge: Dodged            |   100 |   224 |   109 ||   433
